 Dungeon Crawl Stone Soup version 0.32-a0-306-gfed3edf829 (webtiles) character file.

Game seed: 9097255126182616150

8 Bravepunisher the Ducker (level 2, -2/16 HPs)
             Began as a Spriggan Monk on Feb 15, 2024.
             Killed by divine providence
             ... invoked by an orc priest
              (14 damage)
             ... on level 5 of the Dungeon.
             The game lasted 00:02:07 (409 turns).

Bravepunisher the Ducker (Spriggan Monk)             Turns: 409, Time: 00:02:07

Health: -2/16      AC:  2    Str:  7    XL:     2   Next: 0%
Magic:  3/3        EV: 19    Int: 11    God:
Gold:   42         SH:  0    Dex: 17    Spells: 1/1 levels left

rFire   . . .        a - +0 short sword
rCold   . . .        (no shield)
rNeg    . . .        b - +0 robe
rPois   .            (helmet restricted)
rElec   .            (no cloak)
rCorr   .            (gloves unavailable)
SInv    +            (boots unavailable)
Will    .....        (no amulet)
Stlth   ++           (no ring)
HPRegen 0.22/turn    (no ring)
MPRegen 0.08/turn

%: no passive effects
@: very quick
A: very small, no large weapons, unfitting armour, see invisible, speed 3
a: Convert to Beogh


You were on level 5 of the Dungeon.
You visited 1 branch of the dungeon, and saw 5 of its levels.

You collected 42 gold pieces.

Inventory:

Hand Weapons
 a - a +0 short sword (weapon)
Armour
 b - a +0 robe (worn)
Potions
 c - a potion of ambrosia
 d - a potion of haste {unknown}


   Skills:
 + Level 2.5 Fighting
 - Level 3.2 Short Blades
 * Level 4.5 Dodging


You had one spell level left.
You didn't know any spells.
Your spell library was empty.

Dungeon Overview and Level Annotations

Branches:
Dungeon (5/15)
 Temple: D:4-7

Altars:
Qazlal
Ru
Uskayaw
Yredelemnul
Zin

Annotations:
D:2 Natasha
D:4 Dowan, Duvessa


Innate Abilities, Weirdness & Mutations

You are very small and have problems with some larger weapons.
You are too small for most types of armour.
You have supernaturally acute eyesight. (SInv)
You cover ground extremely quickly. (Speed+++)


Message History

The adder hisses angrily.
You climb downwards.
Found a scroll labelled IMNIOC KAMETWI.
Found a stone staircase leading up.
There is a stone staircase leading up here.
A sleepcap comes into view.
Found an ivory ring.
The sleepcap attacks as it pursues you! The sleepcap releases spores at you.
You are engulfed in a cloud of soporific spores!
You fall asleep.
The sleepcap barely misses you. The sleepcap releases spores at you!
You wake up.
Ouch! That really hurt!
You are engulfed in a cloud of soporific spores!
You are unaffected.
Unknown command.
You see here a ring of wizardry.
Found a spear.
Found a stone staircase leading up.
Found a war axe.
You see here a +0 spear.
You see here a +0 war axe.
Found a scroll labelled CYKLIC DOIMEB.
An orc comes into view.
It is wielding a +1 short sword of holy wrath.
Found a scroll labelled JEOJUE IMAEFY.
Found a pearl ring.
The orc shouts!
You hear a shout!
You see here a scroll labelled CYKLIC DOIMEB.
An orc priest and 3 orcs come into view.
An orc is wielding a +2 short sword of speed.
The orc priest shouts!
The orc shouts! x2
The orc priest threatens, "Beogh's wrath is as vast as their mercy.
Make your choice!" (press Y on the ability menu to convert to Beogh)
The orc throws a boomerang.
The boomerang hits you.
You see here a +6 ring of intelligence.
Found a falchion.
Found 14 gold pieces.
The orc priest invokes the aid of Beogh against you.
Beogh smites you!
Ouch! That really hurt!
You die...

..... ....# ...##
#..# #..## #...###
#.....### ##
##.o.....####..#
.#### #.=......@....#
....#
##....#.......##
....###....#.......##
...# #....?o........#
...###.....o.......##
..........o........#
..#..............$..
.###.?##..........#..
.##..###........


You could see an orc priest and 3 orcs.

Vanquished Creatures
  A goblin (D:2)
  2 bats
  A kobold (D:4)
  A rat (D:2)
5 creatures vanquished.

Notes
Turn   | Place    | Note
-------+----------+-------------------------------------------
     0 | D:1      | Bravepunisher the Spriggan Monk began the quest for the
                  | Orb.
     0 | D:1      | Reached XP level 1. HP: 11/11 MP: 2/2
   138 | D:2      | Noticed Natasha
   209 | D:4      | Noticed Duvessa
   209 | D:4      | Noticed Dowan
   254 | D:4      | Reached XP level 2. HP: 9/16 MP: 3/3
   328 | D:4      | Found a stormy altar of Qazlal.
   328 | D:4      | Found a glowing silver altar of Zin.
   333 | D:4      | Found a hide-covered altar of Uskayaw.
   335 | D:4      | Found a basalt altar of Yredelemnul.
   336 | D:4      | Found a sacrificial altar of Ru.
   358 | D:5      | Entered Level 5 of the Dungeon
   409 | D:5      | Killed from afar by an orc priest

Illustrated notes

Levels and vault maps discovered:
D:1:      dpeg_arrival_tiny_d, layout_rooms, ebering_ecumenical_altar_box,
          serial_park_tiny_pond
D:2:      layout_basic, uniq_natasha
D:3:      layout_basic, uniq_robin, uniq_grinder
D:4:      layout_loops_ring, chequers_temple_overflow_minitemple, uniq_ijyb,
          uniq_duvessa, uniq_edmund
D:5:      layout_cave_pods, guppyfry_early_lair_pool

Action                     || total
---------------------------++-------
  Melee: Short sword       ||    15
   Stab: Sleeping          ||     1
 Armour: Robe              ||    12
  Dodge: Dodged            ||    28

Table legend: (Time is in decaauts)
 A = Elapsed time spent in this place.
 B = Non-inter-level travel time spent in this place.
 C = Inter-level travel time spent in this place.
 D = Time resting spent in this place.
 E = Time spent auto-exploring this place.
 F = Levels seen in this place.
 G = Mean time per level.
                   A        B        C        D        E       F      G
               +--------+--------+--------+--------+--------+-----+--------+
         Total |    267 |    267 |      0 |      0 |     38 |   5 |   53.4 |
       Dungeon |    267 |    267 |      0 |      0 |     38 |   5 |   53.4 |
               +--------+--------+--------+--------+--------+-----+--------+

Top non-repeatable levels by time:
     D:4: 92 daAuts
     D:2: 68 daAuts
     D:1: 42 daAuts
     D:3: 32 daAuts
     D:5: 31 daAuts
